 Dungeon Crawl Stone Soup version 0.26-a0-642-g67e99244d3 (webtiles) character file.

Game seed: 2185474946249613498

4391 DogServant the Basher (level 10, 60/60 HPs)
             Began as a Gargoyle Fighter on Sept 23, 2020.
             Quit the game on level 9 of the Dungeon.
             The game lasted 00:18:18 (8907 turns).

DogServant the Basher (Gargoyle Fighter)            Turns: 8907, Time: 00:18:18

Health: 60/60      AC: 22    Str: 22    XL:     10   Next: 35%
Magic:  10/10      EV:  8    Int:  7    God:
Gold:   25         SH: 13    Dex: 22    Spells: 8/9 levels left

rFire    . . .     SeeInvis .   a - +1 flail (protect)
rCold    + . .     Faith    .   c - +1 kite shield
rNeg     + . .     Spirit   .   H - +1 chain mail {rC+}
rPois    ∞         Reflect  .   (helmet restricted)
rElec    +         Harm     .   G - +0 cloak
rCorr    .         Rampage  .   D - +0 pair of gloves
MR       .....                  (no boots)
Stlth    ..........             (no amulet)
HPRegen  0.20/turn              z - +6 ring of dexterity
MPRegen  0.12/turn              E - +6 ring of dexterity

@: no status effects
A: horns 1, dopey 1, mutation resistance 1, negative energy resistance 1,
electricity resistance, unbreathing, petrification resistance, rot immunity,
MP-powered wands, AC +7
a: no special abilities


You were on level 9 of the Dungeon.
You visited 2 branches of the dungeon, and saw 11 of its levels.

You collected 549 gold pieces.
You spent 524 gold pieces at shops.

Inventory:

Hand Weapons
 a - a +1 flail of protection (weapon)
Missiles
 r - 53 poisoned darts (quivered)
Armour
 c - a +1 kite shield (worn)
 q - the +1 helmet of Tenacity {Dex+3}
   (You found it on level 6 of the Dungeon)

   It affects your dexterity (+3).
 D - a +0 pair of gloves (worn)
 G - a +0 cloak (worn)
 H - a +1 chain mail of cold resistance (worn)
Jewellery
 p - an uncursed ring of positive energy
 x - an uncursed ring of protection from fire
 z - a +6 ring of dexterity (left hand)
 E - a +6 ring of dexterity (right hand)
Wands
 s - a wand of random effects (15)
 y - a wand of iceblast (7)
 B - a wand of digging (4)
Scrolls
 b - a scroll of silence {unknown}
 f - 2 scrolls of amnesia
 g - a scroll of remove curse
 h - 2 scrolls of brand weapon
 i - 2 scrolls of blinking
 k - 3 scrolls of magic mapping
 l - a scroll of enchant weapon
 m - 3 scrolls of teleportation
Potions
 o - 6 potions of flight
 t - a potion of resistance
 u - 2 potions of cancellation
 v - a potion of haste
 A - 2 potions of stabbing
 C - 2 potions of heal wounds


   Skills:
 + Level 5.8 Fighting
 + Level 9.1 Maces & Flails
 + Level 9.0 Armour
 - Level 1.3 Dodging
 - Level 1.4 Stealth
 - Level 8.3 Shields
 + Level 2.4 Evocations


You had 8 spell levels left.
You knew the following spells:

 Your Spells              Type           Power        Failure   Level
a - Beastly Appendage     Tmut           #.....       100%        1

Your spell library contained the following spells:

 Spells                   Type           Power        Failure   Level
 Wereblood                Tmut           #.......     100%        2
 Spider Form              Tmut/Pois      #.........   100%        3
 Ice Form                 Ice/Tmut       #.......     100%        4
 Blade Hands              Tmut           #.........   100%        5


Dungeon Overview and Level Annotations

Branches:
Dungeon (10/15)            Temple (1/1) D:4
   Lair: D:8-11         Orc: D:9-12

Altars:
Cheibriados
Dithmenos
Elyvilon
Fedhas
Gozag
Hepliaklqana
Makhleb
Nemelex Xobeh
Sif Muna
Trog
Uskayaw
Vehumet
Wu Jian
Xom
Yredelemnul
Zin
The Shining One
Lugonu

Shops:
D:2 *   D:8 *


Innate Abilities, Weirdness & Mutations

You are resistant to torment.
Your stone body is resilient. (AC +7)
You are immune to poison.
You resist negative energy. (rN+)
You are resistant to electric shocks. (rElec)
You can survive without breathing.
You are immune to petrification.
You are immune to rotting.
You have a pair of small horns on your head.
You are dopey. (Int -2)
You are somewhat resistant to further mutation.
You expend magic power (3 MP) to strengthen your wands.


Message History

A bullfrog is nearby!
You thump the bullfrog!
Your weapon exudes an aura of protection.
You headbutt the bullfrog, but do no damage.
The bullfrog is severely wounded.
You block the bullfrog's attack.
The bullfrog hits you but does no damage.
You hit the bullfrog. You headbutt the bullfrog.
You kill the bullfrog!
Your Armour skill increases to level 9!
No target in view!
No target in view!
HP restored.
You see here a bullfrog corpse.
An orc wizard comes into view. It is wielding a +0 dagger.
The orc wizard shouts!
An orc wizard is nearby!
Quiver which item? (- for none, * to show all) (? for menu, Esc to quit)
Okay, then.
Are you sure you want to abandon this character and quit the game? (Confirm with "yes".)

##. ≈. #.. ''###.. .#....
#### ..#.. #..# #.#..
#.## ##.#####.##.
##.#######.............†
#......@.o..##. #.##...†
#..#####..####.##.#..##)
#..#####..# ##........#.
#.................#.#.#.
##.#########.###.........
##...## #.##......#.##
#.###.## ##......#..#.#
#.# #..# ....#......#.#
#.###..# .............##


You could see an orc wizard.

Vanquished Creatures
  A troll (D:8)
  2 hippogriffs (D:8)
  6 yaks (D:9)
  Eustachio (D:6)
  2 ice beasts
  An orc warrior (D:7)
  4 sky beasts
  4 ogres
  A big kobold (D:7)
  3 bullfrogs
  A water moccasin zombie (D:6)
  5 scorpions
  7 wights (D:7)
  2 centaur zombies
  2 quasits
  3 hounds
  6 orc priests
  2 centaur skeletons
  5 orc wizards
  Ijyb (D:5)
  3 iguanas
  3 worker ants
  A worker ant zombie (D:5)
  5 adders
  A shadow imp (D:8)
  A worm (D:2)
  3 dart slugs
  3 leopard geckos
  32 orcs
  11 giant cockroaches
  7 goblins
  7 hobgoblins
  10 jackals
  6 quokkas
  3 ball pythons
  10 bats
  5 frilled lizards
  A jackal skeleton (D:4)
  9 kobolds
  9 rats
189 creatures vanquished.

Notes
Turn   | Place    | Note
-------+----------+-------------------------------------------
     0 | D:1      | DogServant the Gargoyle Fighter began the quest for the
                  | Orb.
     0 | D:1      | Reached XP level 1. HP: 14/14 MP: 1/1
   116 | D:1      | Reached XP level 2. HP: 20/20 MP: 2/2
   504 | D:1      | Reached XP level 3. HP: 15/24 MP: 3/3
  1277 | D:2      | Found an opulent altar of Gozag.
  1278 | D:2      | Found Gozag's Platinum Reserve.
  1402 | D:2      | Reached skill level 1 in Stealth
  1538 | D:2      | Reached XP level 4. HP: 29/29 MP: 4/4
  1936 | D:3      | Reached XP level 5. HP: 27/34 MP: 5/5
  2123 | D:3      | Reached skill level 1 in Dodging
  2671 | D:4      | Found a staircase to the Ecumenical Temple.
  2691 | Temple   | Entered the Ecumenical Temple
  2803 | D:4      | Reached XP level 6. HP: 39/39 MP: 6/6
  2926 | D:4      | Reached skill level 5 in Maces & Flails
  3253 | D:5      | Entered Level 5 of the Dungeon
  3876 | D:5      | Found a shimmering blue altar of Sif Muna.
  3890 | D:5      | Reached XP level 7. HP: 39/44 MP: 7/7
  3952 | D:5      | Found a snail-covered altar of Cheibriados.
  4063 | D:5      | Noticed Ijyb
  4099 | D:5      | Killed Ijyb
  4269 | D:5      | Found an ornate altar of the Wu Jian Council.
  4549 | D:5      | Found a glowing silver altar of Zin.
  4687 | D:5      | Found a bloodstained altar of Trog.
  4847 | D:6      | Noticed Eustachio
  4882 | D:6      | Killed Eustachio
  4882 | D:6      | Reached skill level 5 in Armour
  4882 | D:6      | Reached skill level 5 in Shields
  4882 | D:6      | Reached XP level 8. HP: 34/48 MP: 8/8
  4992 | D:6      | Got a faintly glowing helmet
  4998 | D:6      | Identified the +1 helmet of Tenacity {Dex+3} (You found it
                  | on level 6 of the Dungeon)
  5843 | D:8      | Found Geguf's Assorted Antiques.
  5850 | D:8      | Reached XP level 9. HP: 27/53 MP: 9/9
  5864 | D:8      | Bought a runed gold wand for 128 gold pieces
  5864 | D:8      | Bought a bubbling red potion for 28 gold pieces
  5864 | D:8      | Bought a scroll labeled XEFULU XILAIRE for 32 gold pieces
  6040 | D:8      | Found a hide-covered altar of Uskayaw.
  6232 | D:8      | Found a shimmering altar of Xom.
  6232 | D:8      | Found a shimmering altar of Xom.
  6240 | D:8      | Found a shimmering altar of Xom.
  6240 | D:8      | Found a shimmering altar of Xom.
  6240 | D:8      | Found a shimmering altar of Xom.
  6242 | D:8      | Found a shimmering altar of Xom.
  6242 | D:8      | Found a shimmering altar of Xom.
  6450 | D:8      | Found an opulent altar of Gozag.
  7170 | D:7      | Learned a level 1 spell: Beastly Appendage
  7690 | D:7      | Found a burning altar of Makhleb.
  7797 | D:7      | Found a blossoming altar of Fedhas.
  7920 | D:9      | Noticed a troll
  8239 | D:8      | Killed a troll
  8239 | D:8      | Reached skill level 5 in Fighting
  8239 | D:8      | Reached skill level 1 in Evocations
  8239 | D:8      | Reached XP level 10. HP: 36/59 MP: 10/10
  8747 | D:8      | Bought a shiny chain mail for 240 gold pieces
  8768 | D:8      | Gained mutation: You have a pair of small horns on your
                  | head. [potion of mutation]
  8768 | D:8      | Gained mutation: You are dopey. (Int -2) [potion of
                  | mutation]
  8768 | D:8      | Gained mutation: You are somewhat resistant to further
                  | mutation. [potion of mutation]
  8768 | D:8      | Gained mutation: You expend magic power (3 MP) to
                  | strengthen your wands. [potion of mutation]
  8772 | D:8      | Bought a scroll of teleportation for 96 gold pieces
  8784 | D:10     | Entered Level 10 of the Dungeon
  8907 | D:9      | Quit the game

Illustrated notes

Levels and vault maps discovered:
D:1:      dpeg_arrival_subterranean_lakeside_camping, layout_basic
D:2:      kb_forest_paths, layout_basic, nicolae_gozag_zags_fifth_avenue
D:3:      layout_loops_corners, chequers_mini_garden
D:4:      layout_basic, minmay_temple_entry_glass
D:5:      layout_basic, lemuel_crystal_altar, zin_statuary,
          kennysheep_mini_moat, lemuel_crystal_altar, lightli_temple_of_fire,
          uniq_ijyb
D:6:      layout_basic, uniq_eustachio
D:7:      layout_loops_ring, lemuel_coloured_pillars_altar, fedhas_altar_4
D:8:      layout_basic, xom_shifter_show, kennysheep_little_box,
          eat_drink_and_be_merry_uskayaw, serial_shops, shop
D:9:      layout_loops_cross, minitemple, ebering_ghost_gozag,
          kennysheep_generic_room_3
D:10:     layout_loops_ring, david_lair_shrubbed, hiddenorc2_lemuel,
          worms_lemuel, uniq_harold
Temple:   corrupted_temple

Skill      XL: |  1  2  3  4  5  6  7  8  9 10 |
---------------+-------------------------------+-----
Fighting       | 4 5 |  5.8
Maces & Flails | 3 4 5 6 7 8 9 |  9.1
Stealth        | 1 |  1.4
Dodging        | 1 |  1.3
Armour         | 5 6 8 9 |  9.0
Shields        | 5 6 8 |  8.3
Evocations     | 1 2 |  2.4

Action                   |  1- 3 |  4- 6 |  7- 9 | 10-12 || total
-------------------------+-------+-------+-------+-------++-------
Melee: Flail             |   170 |   159 |   447 |   107 ||   883
       Headbutt          |       |       |       |     2 ||     2
Throw: Dart              |       |       |     5 |       ||     5
  Use: Scroll            |       |       |    19 |     4 ||    23
       Potion            |       |       |     4 |     3 ||     7
 Stab: Sleeping          |       |       |       |     1 ||     1
Armor: Scale mail        |    88 |       |       |       ||    88
       Ring mail         |    53 |    97 |   218 |    19 ||   387
       Chain mail        |       |       |       |     1 ||     1
Dodge: Dodged            |    94 |    50 |   178 |    20 ||   342
Block: Kite shield       |   126 |    87 |   304 |    59 ||   576

Table legend: (Time is in decaauts)
 A = Elapsed time spent in this place.
 B = Non-inter-level travel time spent in this place.
 C = Inter-level travel time spent in this place.
 D = Time resting spent in this place.
 E = Time spent auto-exploring this place.
 F = Levels seen in this place.
 G = Mean time per level.
                   A        B        C        D        E       F      G
               +--------+--------+--------+--------+--------+-----+--------+
         Total |   9062 |   8733 |    329 |   1283 |   5549 |  11 |  823.8 |
       Dungeon |   8988 |   8669 |    319 |   1283 |   5518 |  10 |  898.8 |
        Temple |     73 |     63 |     10 |      0 |     31 |   1 |   73.0 |
               +--------+--------+--------+--------+--------+-----+--------+

Top non-repeatable levels by time:
     D:8: 1506 daAuts
     D:5: 1186 daAuts
     D:7: 1129 daAuts
     D:1: 1075 daAuts
     D:4: 977 daAuts
     D:6: 939 daAuts
     D:2: 854 daAuts
     D:3: 797 daAuts
     D:9: 521 daAuts
  Temple: 73 daAuts
    D:10: 1 daAuts
